 Dungeon Crawl Stone Soup version 0.27-a0-77-gd04b7445b5 (webtiles) character file.

Game seed: 1560795965486813616

12610 lunkers the Stormcaller (level 11, 0/62 HPs)
             Began as a Tengu Air Elementalist on Jan 13, 2021.
             Was an Elder of Vehumet.
             Slain by a boulder beetle (15 damage)
             ... on level 10 of the Dungeon.
             The game lasted 00:29:09 (16521 turns).

lunkers the Stormcaller (Tengu Air Elementalist)   Turns: 16521, Time: 00:29:09

Health: 0/62       AC:  5    Str:  9    XL:     11   Next: 96%
Magic:  3/25       EV: 15    Int: 18    God:    Vehumet [****..]
Gold:   517        SH:  0    Dex: 15    Spells: 19/29 levels left

rFire    + + .     SeeInvis .   A - +8 war axe of Disarray {drain, rF+}
rCold    + . .     Faith    .   (no shield)
rNeg     . . .     Spirit   .   a - +1 robe
rPois    .         Reflect  .   (helmet restricted)
rElec    .         Harm     .   M - scarf {rC+ rF+}
rCorr    +         Rampage  .   w - +1 pair of gloves
Will     +....                  (boots unavailable)
Stlth    ++........             m - amulet of regeneration
HPRegen  0.60/turn              q - ring of resist corrosion
MPRegen  0.19/turn              L - ring of willpower (curse)

@: flying quickly and evasively, quick
A: beak, talons 3, able to fly
a: Stop Flying, Renounce Religion


You were on level 10 of the Dungeon.
You worshipped Vehumet.
Vehumet was greatly pleased with you.
You visited 2 branches of the dungeon, and saw 11 of its levels.

You collected 517 gold pieces.

Inventory:

Hand Weapons
 n - a +0 dagger of venom
 A - the +8 war axe of Disarray (weapon) {drain, rF+}
   (You found it on level 7 of the Dungeon)

   A truly terrible weapon, it drains the life of those it strikes.
   It protects you from fire.
 E - a +3 broad axe of freezing
Missiles
 f - 35 poisoned darts
Armour
 a - a +1 robe (worn)
 w - a +1 pair of gloves (worn)
 M - a scarf of resistance (worn)
Jewellery
 c - an uncursed amulet of the acrobat
 m - an amulet of regeneration (around neck)
 q - a ring of resist corrosion (left hand)
 s - a +6 ring of strength
 G - an uncursed amulet of faith
 L - a cursed ring of willpower (right hand)
Wands
 p - a wand of disintegration (14)
 y - a wand of flame (47)
 B - a wand of iceblast (16)
 J - a wand of enslavement (14)
Scrolls
 j - 3 scrolls of amnesia
 l - 4 scrolls of teleportation
 r - a scroll of magic mapping
 u - 2 scrolls of enchant weapon
 x - a scroll of fog
 z - a scroll of fear
 D - 2 scrolls of enchant armour
 F - 2 scrolls of remove curse
 H - a scroll of blinking
 I - a scroll of noise {unknown}
Potions
 b - 7 potions of flight
 d - 2 potions of haste
 e - 3 potions of lignification
 g - a potion of invisibility {unknown}
 h - 4 potions of curing
 i - a potion of degeneration {unknown}
 k - 2 potions of brilliance {unknown}
 o - 2 potions of mutation {unknown}
 t - a potion of berserk rage {unknown}
 v - 2 potions of heal wounds {unknown}
 C - 3 potions of magic {unknown}
Miscellaneous
 K - a phantom mirror


   Skills:
 + Level 4.9 Fighting
 - Level 2.1 Dodging
 - Level 2.0 Stealth
 + Level 9.9 Spellcasting
 - Level 1.3 Conjurations
 - Level 18.0 Air Magic


You had 19 spell levels left.
You knew the following spells:

 Your Spells              Type           Power        Failure   Level
a - Airstrike             Air            32%          1%          4
b - Swiftness             Air            65%          0%          2
c - Static Discharge      Conj/Air       43%          1%          3
d - Shock                 Conj/Air       100%         1%          1

Your spell library contained the following spells:

 Spells                   Type           Power        Failure   Level
 Irradiate                Conj/Tmut      5%           38%         5
 Summon Lightning Spire   Summ/Air       41%          1%          4
 Lightning Bolt           Conj/Air       21%          1%          5
 Animate Skeleton         Necr           16%          9%          1
 Apportation              Tloc           16%          9%          1
 Corona                   Hex            8%           9%          1
 Summon Small Mammal      Summ           32%          9%          1
 Lesser Beckoning         Tloc           4%           24%         3
 Summon Demon             Summ           4%           92%         5
 Disjunction              Tloc           4%           100%        8


Dungeon Overview and Level Annotations

Branches:
Dungeon (10/15)            Temple (1/1) D:5
   Lair: D:8-11         Orc: D:9-12

Altars:
Ashenzari
Cheibriados
Dithmenos
Elyvilon
Fedhas
Gozag
Hepliaklqana
Kikubaaqudgha
Makhleb
Nemelex Xobeh
Okawaru
Qazlal
Ru
Sif Muna
Trog
Uskayaw
Vehumet
Wu Jian
Xom
Yredelemnul
Zin
The Shining One
Beogh

Annotations:
D:5 3 runed translucent doors, timneilson's ghost, novice GrFi
D:8 1 runed translucent door


Innate Abilities, Weirdness & Mutations

You have a beak for a mouth.
You have claws for feet.
You can fly continuously.


Message History

* * * LOW MAGIC WARNING * * *
The boulder beetle hits you!!
The boulder beetle stops rolling and uncurls.
Casting: Airstrike (safe; 1% risk of failure)
Confirm with . or Enter, or press ? or * to list all spells.
Aiming: Airstrike (safe; 1% risk of failure)
Press: ? - help, Dir - move target, f/p - boulder beetle
Aim: a boulder beetle (heavily wounded)
The air twists around and strikes the boulder beetle.
The boulder beetle is heavily wounded.
* * * LOW MAGIC WARNING * * *
The boulder beetle bites you!!
* * * LOW HITPOINT WARNING * * *
Unknown command.
Unknown command.
You barely miss the boulder beetle.
You claw the boulder beetle, but do no damage.
The boulder beetle is heavily wounded.
The boulder beetle bites you!
You die...

.#######.##############
#.#.............
#.#.###########B
###'#.#.........#.
#####..(..#.#######.#.
#.................#.#.
#.###.....#.###.###.#.
#.###.....#.###(###.#.
#...'@B.............(.
##.#####..>........B.....
.......'.^.............#.
########.....###########.
#...........# ######.
#.########### #.....( #.#
#Y##### #.# .Y. #.# #.Y..


You could see a boulder beetle.

Vanquished Creatures
  Erica (D:8)
  4 two-headed ogres
  An unseen horror (D:8)
  An ugly thing (D:10)
  A manticore (D:10)
  An ice statue (D:9)
  A gargoyle (D:10)
  3 trolls
  Prince Ribbit (D:8)
  7 yaks
  Grum (D:8)
  A water moccasin (D:5)
  2 black bears
  An orc warrior (D:8)
  An ice beast (D:9)
  4 sky beasts
  A phantom (D:4)
  3 ogres
  5 centaurs
  5 necrophages (D:6)
  2 wolves (D:8)
  A big kobold (D:8)
  9 bullfrogs
  3 scorpions
  A water moccasin skeleton (D:8)
  9 killer bees (D:10)
  4 howler monkeys
  8 wights
  3 jellies (D:8)
  2 bullfrog zombies
  7 hounds
  9 orc priests
  A bullfrog skeleton (D:8)
  A gnoll shaman (D:9)
  Terence (D:3)
  5 iguanas
  10 orc wizards
  10 worker ants
  A bullfrog simulacrum (D:10)
  A hound skeleton (D:6)
  A howler monkey zombie (D:6)
  7 adders
  12 gnolls
  3 shadow imps
  2 white imps
  An ufetubus (D:5)
  An ooze (D:3)
  An adder skeleton (D:9)
  3 worms
  6 leopard geckos
  23 orcs
  5 bats
  7 giant cockroaches
  7 goblins
  5 hobgoblins
  6 jackals
  10 kobolds
  5 quokkas
  4 frilled lizards
  10 rats
252 creatures vanquished.

Vanquished Creatures (others)
  2 bushes (D:6)
  12 plants (D:6)
14 creatures vanquished.

Grand Total: 266 creatures vanquished

Notes
Turn   | Place    | Note
-------+----------+-------------------------------------------
     0 | D:1      | lunkers the Tengu Air Elementalist began the quest for the
                  | Orb.
     0 | D:1      | Reached XP level 1. HP: 10/10 MP: 4/4
   254 | D:1      | Reached XP level 2. HP: 15/15 MP: 3/6
  1065 | D:2      | Reached skill level 5 in Air Magic
  1175 | D:2      | Reached XP level 3. HP: 19/19 MP: 4/7
  2151 | D:3      | Reached XP level 4. HP: 24/24 MP: 6/9
  2418 | D:3      | Reached skill level 6 in Air Magic
  2989 | D:3      | Noticed Terence
  3009 | D:3      | Killed Terence
  3010 | D:3      | Gained mutation: You can fly continuously. [Tengu growth]
  3010 | D:3      | Reached XP level 5. HP: 13/28 MP: 1/10
  3634 | D:4      | Reached skill level 7 in Air Magic
  3639 | D:4      | Learned a level 2 spell: Swiftness
  3643 | D:4      | Learned a level 3 spell: Static Discharge
  3648 | D:4      | Learned a level 4 spell: Airstrike
  3945 | D:4      | Noticed a phantom
  3948 | D:4      | Killed a phantom
  3949 | D:4      | Reached XP level 6. HP: 32/32 MP: 1/12
  4358 | D:4      | Reached skill level 8 in Air Magic
  5313 | D:5      | Entered Level 5 of the Dungeon
  5627 | D:5      | Reached XP level 7. HP: 36/36 MP: 5/14
  6031 | D:5      | Found a staircase to the Ecumenical Temple.
  6039 | Temple   | Entered the Ecumenical Temple
  6259 | Temple   | Became a worshipper of Vehumet
  6560 | D:5      | Reached skill level 9 in Air Magic
  6862 | D:5      | Found a runed translucent gate.
  6862 | D:5      | Found a runed translucent gate.
  6922 | D:5      | Noticed timneilson's ghost (novice GrFi)
  6923 | D:5      | Found a runed translucent gate.
  6924 | D:5      | Identified the cursed +1 mace of Perversion {vamp, Str+4}
  6925 | D:5      | Found a roughly hewn altar of Beogh.
  7536 | D:6      | Reached skill level 10 in Air Magic
  7715 | D:6      | Reached XP level 8. HP: 41/41 MP: 7/16
  7789 | D:6      | Reached skill level 5 in Spellcasting
  7895 | D:6      | Found a blossoming altar of Fedhas.
  8296 | D:6      | Reached skill level 11 in Air Magic
  9013 | D:6      | Reached skill level 12 in Air Magic
  9090 | D:6      | Reached XP level 9. HP: 45/45 MP: 4/19
  9301 | D:7      | Got a dazzling war axe
  9303 | D:7      | Identified the +8 war axe of Disarray {drain, rF+} (You
                  | found it on level 7 of the Dungeon)
  9512 | D:7      | Reached * piety under Vehumet
  9512 | D:7      | Offered knowledge of Magic Dart by Vehumet.
 10112 | D:7      | Found a broken altar of Ashenzari.
 10119 | D:7      | Reached skill level 13 in Air Magic
 10591 | D:8      | Noticed Grum
 10683 | D:8      | Killed Grum
 10811 | D:8      | Reached skill level 14 in Air Magic
 10910 | D:8      | Reached ** piety under Vehumet
 10910 | D:8      | Offered knowledge of Searing Ray by Vehumet.
 11024 | D:8      | Noticed a two-headed ogre
 11230 | D:8      | Noticed Erica
 11257 | D:8      | Killed Erica
 11258 | D:8      | Reached XP level 10. HP: 43/50 MP: 2/22
 11471 | D:8      | Reached skill level 15 in Air Magic
 11725 | D:8      | Killed an unseen horror
 12041 | D:8      | Offered knowledge of Conjure Flame by Vehumet.
 12190 | D:8      | Noticed Prince Ribbit
 12192 | D:8      | Killed Prince Ribbit
 12441 | D:8      | Killed a two-headed ogre
 12442 | D:8      | Reached skill level 16 in Air Magic
 12596 | D:8      | Found a sacrificial altar of Ru.
 12729 | D:8      | Reached *** piety under Vehumet
 12866 | D:8      | Found a runed translucent door.
 12866 | D:8      | Noticed a harpy
 12866 | D:8      | Noticed a boulder beetle
 12868 | D:8      | Noticed a cyclops
 12868 | D:8      | Noticed a flayed ghost
 12868 | D:8      | Noticed a boulder beetle
 12868 | D:8      | Noticed a fire dragon
 12869 | D:8      | Found the +10 morningstar "Eos" {elec, Halo rElec}
 13180 | D:9      | Reached skill level 1 in Fighting
 13180 | D:9      | Noticed a two-headed ogre
 13391 | D:9      | Killed a two-headed ogre
 13392 | D:9      | Reached XP level 11. HP: 35/57 MP: 6/25
 14189 | D:9      | Offered knowledge of Dazzling Flash by Vehumet.
 14465 | D:9      | Noticed a two-headed ogre
 14470 | D:9      | Killed a two-headed ogre
 14471 | D:9      | Reached skill level 17 in Air Magic
 14758 | D:9      | Noticed a two-headed ogre
 14765 | D:9      | Killed a two-headed ogre
 15025 | D:9      | Identified the Disquisition on Warped Creation
 15136 | D:10     | Entered Level 10 of the Dungeon
 15452 | D:10     | Noticed a white ugly thing
 15466 | D:10     | Killed a white ugly thing
 15580 | D:10     | Reached **** piety under Vehumet
 15805 | D:10     | Offered knowledge of Irradiate by Vehumet.
 15870 | D:10     | Noticed a manticore
 16014 | D:10     | Killed a manticore
 16059 | D:9      | Reached skill level 18 in Air Magic
 16261 | D:10     | Noticed a boulder beetle
 16368 | D:10     | Noticed a boulder beetle
 16407 | D:10     | HP: 2/62 [boulder beetle (60)]
 16521 | D:10     | Slain by a boulder beetle

Illustrated notes

Levels and vault maps discovered:
D:1:      dpeg_arrival_tiny_g, layout_basic
D:2:      layout_rooms
D:3:      layout_loops_ring, gup_sewer_entry_spiral, uniq_terence
D:4:      layout_basic
D:5:      layout_loops_corners, minmay_temple_entry_hall,
          biasface_ghost_orc_armoury
D:6:      layout_rooms, fedhas_altar_decomposition, uniq_crazy_yiuf_cottage
D:7:      minmay_octagon_keep, layout_basic, nicolae_overflow_crystal_walls
D:8:      minmay_gate_of_8, layout_basic, nicolae_ru_path_of_blood, uniq_grum,
          uniq_prince_ribbit1, uniq_erica
D:9:      layout_basic, minivault_15
D:10:     layout_basic, lair_entry_dummy, fountainhead, minivault_28
Temple:   kilobyte_greek_temple

Skill      XL: |  1  2  3  4  5  6  7  8  9 10 11 |
---------------+----------------------------------+-----
Air Magic      | 5 6 7 8 10 12 14 16 18 | 18.0
Spellcasting   | 3 4 6 7 9 |  9.9
Fighting       | 2 4 |  4.9
Dodging        | |  2.1
Stealth        | |  2.0
Conjurations   | |  1.3

Action                   |  1- 3 |  4- 6 |  7- 9 | 10-12 || total
-------------------------+-------+-------+-------+-------++-------
Melee: Unarmed           |     8 |     2 |       |       ||    10
       Kick              |     3 |     2 |    11 |     9 ||    25
       Dagger            |       |    12 |     9 |       ||    21
       Peck              |       |     2 |     3 |     3 ||     8
       War axe           |       |       |    29 |    28 ||    57
 Cast: Shock             |    96 |    72 |     3 |     1 ||   172
       Airstrike         |       |    21 |   133 |   201 ||   355
 Abil: Fly               |       |       |       |     1 ||     1
  Use: Scroll            |     6 |     4 |     3 |     3 ||    16
Armor: Robe              |     3 |     5 |    16 |    11 ||    35
Dodge: Dodged            |    20 |    21 |    57 |    46 ||   144

Table legend: (Time is in decaauts)
 A = Elapsed time spent in this place.
 B = Non-inter-level travel time spent in this place.
 C = Inter-level travel time spent in this place.
 D = Time resting spent in this place.
 E = Time spent auto-exploring this place.
 F = Levels seen in this place.
 G = Mean time per level.
                   A        B        C        D        E       F      G
               +--------+--------+--------+--------+--------+-----+--------+
         Total |  16506 |  16125 |    381 |   1924 |  12009 |  11 | 1500.5 |
       Dungeon |  16250 |  15874 |    376 |   1924 |  11829 |  10 | 1625.0 |
        Temple |    256 |    251 |      5 |      0 |    180 |   1 |  256.0 |
               +--------+--------+--------+--------+--------+-----+--------+

Top non-repeatable levels by time:
     D:8: 2721 daAuts
     D:9: 2035 daAuts
     D:5: 1895 daAuts
     D:6: 1826 daAuts
     D:3: 1775 daAuts
     D:4: 1492 daAuts
     D:7: 1377 daAuts
     D:2: 1089 daAuts
    D:10: 1038 daAuts
     D:1: 998 daAuts
  Temple: 256 daAuts
